 Dungeon Crawl Stone Soup version 0.19.1 (webtiles) character file.

147 Yurafenix the Skirmisher (level 5, -2/33 HPs)
             Began as a Gargoyle Berserker on Dec 4, 2016.
             Was a Believer of Trog.
             Slain by a worm (7 damage)
             ... on level 3 of the Dungeon.
             The game lasted 00:09:14 (2063 turns).

Yurafenix the Skirmisher (Gargoyle Berserker)       Turns: 2063, Time: 00:09:15

Health: -2/33      AC:  7    Str: 26    XL:     5   Next: 29%
Magic:  5/5        EV: 11    Int:  8    God:    Trog [**....]
Gold:   119        SH:  3    Dex:  9    Spells: 0 memorised, 4 levels left

rFire  . . .     SeeInvis .     a - +1 falchion
rCold  + . .     Gourm    .     i - -1 leather armour (curse)
rNeg   + . .     Faith    .     k - +0 buckler {rC+}
rPois  ∞         Spirit   .     (no helmet)
rElec  +         Reflect  .     f - +0 cloak
rCorr  .         Harm     .     (no gloves)
MR     .....                    (no boots)
Stlth  +.........               (no amulet)
                                (no ring)
                                (no ring)

@: mighty
A: negative energy resistance 1, electricity resistance, unbreathing,
petrification resistance, rot immunity, AC +4
a: Berserk, Trog's Hand, Burn Spellbooks, Renounce Religion


You were on level 3 of the Dungeon.
You worshipped Trog.
Trog was pleased with you.
You were not hungry.

You visited 1 branch of the dungeon, and saw 3 of its levels.

You collected 119 gold pieces.

Inventory:

Hand Weapons
 a - a +1 falchion (weapon)
Armour
 b - a +0 animal skin
 f - a +0 cloak (worn)
 i - a cursed -1 leather armour (worn)
 k - a +0 buckler of cold resistance (worn)
Scrolls
 e - a scroll of blinking {unknown}
Potions
 d - 2 potions of flight
Comestibles
 c - 4 bread rations


   Skills:
 + Level 4.0 Fighting
 + Level 3.9 Long Blades
 + Level 2.4 Armour
 + Level 2.6 Dodging
 + Level 1.2 Stealth
 + Level 0.4 Shields


You had 4 spell levels left.
You didn't know any spells.

Dungeon Overview and Level Annotations

Branches:
Dungeon (3/15)

Altars:
Nemelex Xobeh

Annotations:
D:3 Grinder


Innate Abilities, Weirdness & Mutations

You are resistant to torment.
Your stone body is resilient. (AC +4)
You are immune to poison.
You resist negative energy. (rN+)
You are resistant to electric shocks. (rElec)
You can survive without breathing.
You are immune to petrification.
You are immune to rotting.


Message History

Grinder closely misses you. Grinder hits you.
You writhe in agony.
An ogre comes into view. It is wielding a giant club.
You barely miss Grinder.
Grinder is lightly wounded.
Grinder hits you.
You writhe in agony.
The ogre shouts!
You slash Grinder!
Grinder is moderately wounded.
Grinder hits you.
You closely miss Grinder.
Grinder is moderately wounded.
Grinder hits you but does no damage. The worm bites you.
* * * LOW HITPOINT WARNING * * *
You barely miss Grinder.
Grinder is moderately wounded.
Grinder hits you but does no damage.
You barely miss Grinder.
Grinder is moderately wounded.
Grinder hits you but does no damage. The worm bites you!
You die...

#.#.#.##.##.##.##.
#...†.......# #
#.#.#†####...#
#.....# #####
#.#.### #.#.#
#.#.### #....(#
#.###@# #..
#5w...# #. #O#####
#. .s# # ... .###
. ..


You could see Grinder, an ogre, a worm and a giant cockroach.

Vanquished Creatures
  Jessica (D:3)
  3 gnolls (D:2)
  3 adders
  2 worms
  2 dart slugs
  An orc (D:3)
  4 bats
  A giant cockroach (D:1)
  6 hobgoblins
  3 jackals (D:1)
  A ball python (D:1)
  4 frilled lizards
  12 goblins
  8 kobolds
  2 rats
53 creatures vanquished.

Vanquished Creatures (others)
  A hobgoblin (D:3)
1 creature vanquished.

Grand Total: 54 creatures vanquished

Notes
Turn   | Place    | Note
-------+----------+-------------------------------------------
     0 | D:1      | Yurafenix the Gargoyle Berserker began the quest for the Orb.
     0 | D:1      | Reached XP level 1. HP: 14/14 MP: 1/1
   254 | D:1      | Reached XP level 2. HP: 16/19 MP: 2/2
   713 | D:1      | Reached XP level 3. HP: 10/23 MP: 3/3
   997 | D:2      | Reached ** piety under Trog
  1062 | D:2      | Reached skill level 1 in Stealth
  1062 | D:2      | Reached XP level 4. HP: 12/28 MP: 4/4
  1953 | D:3      | Reached XP level 5. HP: 20/33 MP: 5/5
  1982 | D:3      | Found a sparkling altar of Nemelex Xobeh.
  1982 | D:3      | Noticed Jessica
  1988 | D:3      | Killed Jessica
  2046 | D:3      | Reached skill level 4 in Fighting
  2056 | D:3      | Noticed Grinder
  2059 | D:3      | Noticed an ogre
  2063 | D:3      | Slain by a worm

Skill      XL: |  1  2  3  4  5 |
---------------+----------------+-----
Long Blades    | 3 |  3.9
Dodging        | 2 |  2.6
Stealth        | 1 |  1.2
Fighting       | 4 |  4.0
Armour         | |  2.4
Shields        | |  0.4

Action                   |  1- 3 |  4- 6 || total
-------------------------+-------+-------++-------
Melee: Falchion          |    87 |   106 ||   193
  Use: Scroll            |       |     4 ||     4
       Potion            |       |     2 ||     2
 Stab: Sleeping          |     1 |     1 ||     2
  Eat: Meat ration       |     1 |       ||     1
Armor: Animal skin       |    20 |       ||    20
       Leather armour    |    12 |    46 ||    58
Dodge: Dodged            |    54 |    59 ||   113
Block: Buckler           |     2 |    14 ||    16
       Rpst.: Falchion   |    13 |    16 ||    29
